 Dungeon Crawl Stone Soup version 0.29.0-4-gdea44cf6ec (webtiles) character file.

Game seed: 8979971196825810177

7 qw the Chopper (level 2, 0/17 HPs)
             Began as a Tengu Warper on Aug 28, 2022.
             Succumbed to their own poison gas
             ... on level 1 of the Dungeon.
             The game lasted 00:00:03 (972 turns).

qw the Chopper (Tengu Warper)                        Turns: 972, Time: 00:00:03

Health: 0/17       AC:  7    Str: 11    XL:     2   Next: 0%
Magic:  6/6        EV: 10    Int: 13    God:
Gold:   21         SH:  0    Dex: 13    Spells: 5/5 levels left

rFire   . . .      SeeInvis .   Y - +0 hand axe
rCold   . . .      Faith    .   (no shield)
rNeg    . . .      Spirit   .   f - +0 ring mail
rPois   .          Reflect  .   g - +2 hat
rElec   .          Harm     .   (no cloak)
rCorr   .          Rampage  .   (no gloves)
Will    .....                   (boots unavailable)
Stlth   +.........              (no amulet)
HPRegen 0.05/turn               (no ring)
MPRegen 0.10/turn               (no ring)

@: lethally poisoned (0 -> -2), hasted, very quick
A: beak, talons 3
a: no special abilities


You were on level 1 of the Dungeon.
You visited 1 branch of the dungeon, and saw 1 of its levels.

You collected 21 gold pieces.


Innate Abilities, Weirdness & Mutations

You have a beak for a mouth.
You have claws for feet.


   Skills:
 - Level 2.0 Fighting
 + Level 2.9 Axes
 - Level 1.0 Throwing
 - Level 1.1 Armour
 - Level 2.1 Dodging
 - Level 2.0 Spellcasting
 - Level 2.4 Translocations


You had 5 spell levels left.
You didn't know any spells.
Your spell library contained the following spells:

 Spells                   Type           Power      Damage    Failure   Level
 Blink                    Tloc           14%        N/A       34%         2
 Gell's Gravitas          Tloc           7%         N/A       56%         3
 Lesser Beckoning         Tloc           7%         N/A       56%         3
 Teleport Other           Tloc           7%         N/A       56%         3
 Manifold Assault         Tloc           7%         N/A       99%         5

Inventory:

Hand Weapons
 h - a +0 club
 Y - a +0 hand axe (weapon)
Armour
 f - a +0 ring mail (worn)
 g - a +2 hat (worn)
Potions
 l - a potion of haste

Dungeon Overview and Level Annotations

Branches:
Dungeon (1/15)

Altars:


Message History

957 ||| DRINKING 2 fuming pink potions.
It was a potion of haste.
You feel yourself speed up.
Done exploring.
958 ||| DROPPING scroll of torment.
You drop a scroll of torment.
Done exploring.
959 ||| DROPPING scroll of blinking.
You drop a scroll of blinking.
Done exploring.
(D) Dungeon
Where to? (* - list waypoints, ? - help)
What level of the Dungeon? (default 1, ? - help) Sorry, I don't know how to get there.
Done exploring.
960 ||| Stepping randomly (stuck).
Really walk into that cloud of poison gas?
You are engulfed in poison gas.
You are poisoned.
You feel very sick.
961 ||| Stepping ~*~*~tactically~*~*~ (cloud).
You feel sick.
Things that are here:
a scroll of blinking; a scroll of torment; a +0 leather armour
There is a lethal amount of poison in your body!
You feel sick.
There is a lethal amount of poison in your body!
You feel sick.
There is a lethal amount of poison in your body!
You feel sick.
There is a lethal amount of poison in your body!
You feel sick.
There is a lethal amount of poison in your body!
You feel sick.
There is a lethal amount of poison in your body!
There is a lethal amount of poison in your body!
You feel sick.
There is a lethal amount of poison in your body!
You feel sick.
There is a lethal amount of poison in your body!
There is a lethal amount of poison in your body!
You feel sick.
There is a lethal amount of poison in your body!
You die...

# #..# # #.¤# #
#¤0# # #..# # #.0#
# #¤¤# ## #..# .#
#¤.## .# #.@0# .#
##¤.# .# #..# .#
#.0# .# #¤0# .#
#########.0# .#
#.......#0¤#
.#########+#'###.##
........#.[...##.#


There were no monsters in sight!

Vanquished Creatures
  An endoplasm (D:1)
  3 goblins (D:1)
  A ball python (D:1)
  A frilled lizard (D:1)
  A rat (D:1)
7 creatures vanquished.

Notes
Turn   | Place    | Note
-------+----------+-------------------------------------------
     0 | D:1      | qw the Tengu Warper began the quest for the Orb.
     0 | D:1      | Reached XP level 1. HP: 12/12 MP: 4/4
     0 | D:1      | 0 ||| qw: Version: 0.1-a-89-g26bdef1
     0 | D:1      | 0 ||| qw: Game counter: 2458
     0 | D:1      | 0 ||| qw: Always use a shield: true
     0 | D:1      | 0 ||| qw: God list: Okawaru
     0 | D:1      | 0 ||| qw: Allow faded altars: false
     0 | D:1      | 0 ||| qw: Do Orc after D:15 true
     0 | D:1      | 0 ||| qw: Do second Lair branch before Depths: true
     0 | D:1      | 0 ||| qw: Lair rune preference: random
     0 | D:1      | 0 ||| qw: Plans: Normal
     0 | D:1      | 0 ||| PLANNING D:1-11
    62 | D:1      | 62 ||| Stepping ~*~*~tactically~*~*~ (stealth).
   386 | D:1      | Found a faded altar of an unknown god.
   616 | D:1      | Reached XP level 2. HP: 17/17 MP: 6/6
   813 | D:1      | 813 ||| UPGRADING to +0 ring mail.
   823 | D:1      | 823 ||| DROPPING +0 leather armour.
   824 | D:1      | 824 ||| UPGRADING to +2 hat.
   829 | D:1      | 829 ||| READING 2 scrolls labelled FAGGIO REUDDIWK.
   953 | D:1      | 953 ||| READING scroll labelled TUZXIX TYAR.
   954 | D:1      | 954 ||| READING scroll labelled FAWEDW BUANAIB.
   955 | D:1      | 955 ||| READING scroll labelled OPPECIA UMUSUW.
   956 | D:1      | 956 ||| READING scroll labelled KEUKHL EJOSK.
   957 | D:1      | 957 ||| DRINKING 2 fuming pink potions.
   958 | D:1      | 958 ||| DROPPING scroll of torment.
   959 | D:1      | 959 ||| DROPPING scroll of blinking.
   960 | D:1      | 960 ||| Stepping randomly (stuck).
   961 | D:1      | 961 ||| Stepping ~*~*~tactically~*~*~ (cloud).
   966 | D:1      | HP: 4/17 [poisoned by you (poison gas)]
   971 | D:1      | HP: 1/17 [poisoned by you (poison gas)]
   972 | D:1      | Succumbed to their own poison gas

Levels and vault maps discovered:
D:1:      minmay_arrival_solitary_statue, layout_loops_ring,
          ebering_ecumenical_altar_abandoned

Action                   || total
-------------------------++-------
Melee: Hand axe          ||    18
       Peck              ||     3
       Kick              ||     2
Throw: Boomerang         ||     7
  Use: Scroll            ||     5
       Potion            ||     1
Armor: Leather armour    ||     5
Dodge: Dodged            ||     5

Table legend:
 A = Non-vault XP
 B = Vault XP
 C = Vault XP percentage of total XP
 D = Non-vault monster count
 E = Vault monster count
 F = Vault count percentage of total count
                 A         B        C        D         E       F
            +---------+---------+-------+---------+---------+-------
      Total |      10 |       0 |   0.0 |       7 |       0 |   0.0
            +---------+---------+-------+---------+---------+-------
        D:1 |      10 |       0 |   0.0 |       7 |       0 |   0.0
            +---------+---------+-------+---------+---------+-------
